 Dungeon Crawl Stone Soup version 0.16-a0-2702-gfff482a (console) character file.

44 Fusha the Caregiver (level 3, -17/16 HPs)
             Began as a Felid Healer on Nov 25, 2014.
             Was a Believer of Elyvilon.
             Killed from afar by a sheep (33 damage)
             ... with an exploding inner flame
             ... on level 3 of the Dungeon.
             The game lasted 00:06:08 (2280 turns).

Fusha the Caregiver (Felid Healer)                  Turns: 2280, Time: 00:06:09

Health: -17/16     AC:  1    Str:  9    XL:     3   Next: 41%
Magic:  7/7        EV: 18    Int: 13    God:    Elyvilon [**....]
Gold:   126        SH:  0    Dex: 15    Spells: 0 memorised, 2 levels left
                                        Lives:  0   Deaths: 0

rFire  . . .     SeeInvis +       - Unarmed
rCold  . . .     Clarity  .     (armour unavailable)
rNeg   . . .     SustAb   .     (shield unavailable)
rPois  .         Gourm    .     (helmet unavailable)
rElec  .         Spirit   .     (cloak unavailable)
rCorr  .         Warding  .     (gloves unavailable)
rMut   +         Stasis   .     (boots unavailable)
MR     .....                    a - amulet of resist mutation
Stlth  +++.......               (no ring)
                                (no ring)

@: quick, not resistant to hostile enchantments, fairly stealthy
A: paw claws, no armour, no weapons or thrown items, fangs 3, see invisible,
carnivore 3, speed 1, shaggy fur 1, slow metabolism 1
a: Lesser Healing, Lesser Self-Healing, Divine Protection, Purification,
Renounce Religion


You were on level 3 of the Dungeon.
You worshipped Elyvilon.
Elyvilon was pleased with you.
You were completely stuffed.

You visited 1 branch of the dungeon, and saw 3 of its levels.

You collected 126 gold pieces.

Inventory:

Jewellery
 a - an amulet of resist mutation (around neck)
Magical devices
 i - a wand of digging (9)
Scrolls
 b - a scroll of recharging {unknown}
 e - 6 scrolls of remove curse {unknown}
 f - 3 scrolls of identify {unknown}
 g - a scroll of enchant weapon {unknown}
 h - a scroll of teleportation {unknown}
 j - 3 scrolls of amnesia {unknown}
Potions
 c - 3 potions of heal wounds
 k - a potion of resistance {unknown}
 l - a potion of cancellation {unknown}
 m - a potion of degeneration {unknown}
Comestibles
 d - 2 meat rations


   Skills:
 + Level 1.7 Fighting
 + Level 2.9 Dodging
 + Level 2.0 Stealth
 * Level 1.4 Unarmed Combat
 * Level 3.1 Invocations


You had 2 spell levels left.
You didn't know any spells.

Dungeon Overview and Level Annotations

Branches:
Dungeon (3/15)

Altars:
Elyvilon
Xom

Annotations:
D:2 Terence


Innate Abilities, Weirdness & Mutations

You cannot wear armour.
You are incapable of wielding weapons or throwing items.
Your paws have sharp claws.
You have razor-sharp teeth.
You have supernaturally acute eyesight.
You are carnivorous and can eat meat at any time.
You cover ground quickly.
You are covered in fur (AC +1).
You have a slow metabolism.


Message History

A sheep catches fire!
The sheep stampedes away.
You hear mad divine giggling.
Found a shimmering altar of Xom.
The sheep burns! x5
The sheep burns! x5
The sheep burns! x5
The sheep burns!
The sheep explodes!
The sheep burns!
The sheep explodes!
The fiery explosion engulfs the sheep.
The sheep explodes!
The fiery explosion engulfs the sheep.
The sheep explodes!
The sheep burns!
The sheep explodes!
The fiery explosion engulfs you!
Ouch! That really hurt!
You die...

#.....%....
#.........#
#.%..§§...#
#.....§§§§#
#.%..§§§§§# #
#%.....§§§#.####.#
#....§§§§§.......#
#....§§....#......
#..%.§@§...# ###.
##.########## #..#
#.## #.#
##########.#
...........#
####.####### #.#


There were no monsters in sight!

Vanquished Creatures
  A giant mite (D:2)
  2 giant geckos
  A ball python (D:1)
  A giant cockroach (D:1)
  8 goblins
  7 hobgoblins
  5 kobolds (D:1)
  6 bats
  A giant newt (D:3)
  4 rats
36 creatures vanquished.

Vanquished Creatures (others)
  4 sheep (D:3)
4 creatures vanquished.

Grand Total: 40 creatures vanquished

Notes
Turn   | Place    | Note
--------------------------------------------------------------
     0 | D:1      | Fusha, the Felid Healer, began the quest for the Orb.
     0 | D:1      | Reached XP level 1. HP: 9/9 MP: 2/2
   297 | D:1      | Reached skill level 1 in Stealth
   335 | D:1      | Reached XP level 2. HP: 12/12 MP: 3/3
   713 | D:1      | Reached skill level 1 in Unarmed Combat
  1021 | D:1      | Reached skill level 3 in Invocations
  1290 | D:2      | Noticed Terence
  1496 | D:2      | Reached XP level 3. HP: 10/15 MP: 7/7
  1778 | D:2      | Found a white marble altar of Elyvilon.
  2276 | D:3      | Found a shimmering altar of Xom.
  2280 | D:3      | Killed from afar by a sheep

Action                   || total
-------------------------++-------
Melee: Unarmed           ||   116
  Use: Potion            ||     1
 Stab: Sleeping          ||     8
  Eat: Chunk             ||    10
